 Dungeon Crawl Stone Soup version 0.31-a0-743-g45f7035092 (webtiles) character file.

Game seed: 16752327765858778239

25 demibob the Cudgeller (level 2, -7/26 HPs)
             Began as a Minotaur Chaos Knight on Sept 13, 2023.
             Was a Plaything of Xom.
             Killed from afar by Sigmund (11 damage)
             ... with a puff of flame
             ... on level 2 of the Dungeon.
             The game lasted 00:01:32 (931 turns).

demibob the Cudgeller (Minotaur Chaos Knight)        Turns: 931, Time: 00:01:33

Health: -7/26      AC:  5    Str: 16    XL:     2   Next: 86%
Magic:  1/1        EV: 11    Int:  9    God:    Xom [...*..]
Gold:   65         SH:  0    Dex:  9    Spells: 1/1 levels left

rFire   . . .        a - +0 mace (chaos)
rCold   . . .        (no shield)
rNeg    . . .        b - +2 leather armour
rPois   .            (helmet restricted)
rElec   .            (no cloak)
rCorr   .            (no gloves)
SInv    .            (no boots)
Will    .....        (no amulet)
Stlth   +            (no ring)
HPRegen 0.24/turn    (no ring)
MPRegen 0.07/turn

%: no passive effects
@: no status effects
A: horns 2, retaliatory headbutt
a: Renounce Religion


You were on level 2 of the Dungeon.
You worshipped Xom.
You were a favourite toy of Xom.
You visited 1 branch of the dungeon, and saw 2 of its levels.

You collected 65 gold pieces.


Innate Abilities, Weirdness & Mutations

You have a pair of horns on your head.
You reflexively headbutt those who attack you in melee.


   Skills:
 - Level 3.6 Fighting
 + Level 5.0 Maces & Flails
 - Level 2.4 Armour
 - Level 1.1 Dodging


You had one spell level left.
You didn't know any spells.
Your spell library was empty.

Inventory:

Hand Weapons
 a - a +0 mace of chaos (weapon)
Armour
 b - a +2 leather armour (worn)
Scrolls
 c - a scroll of butterflies
Potions
 e - 2 potions of enlightenment
 i - a potion of brilliance
 j - a potion of heal wounds {@q2}

Dungeon Overview and Level Annotations

Branches:
Dungeon (2/15)

Altars:

Shops:
D:1 =

Annotations:
D:2 Sigmund

.. #.#. ##
#....#.. #...#..
. #..... $
####..#.# .#
...%#..{####.#
..#<#.#5@....#
......#5...###..
......).........
(.###....##.##..
.#..###....# ...
.......<...#
#....
...####....#
.... #....# ....
#....#


You could see a friendly quasit (summoned) and a friendly crimson imp
(summoned).


Message History

The dart slug launches a dart at you. The slug dart hits your quasit.
Sigmund mumbles some strange words.
Sigmund flickers and vanishes!
Deactivating autopickup; reactivate with Ctrl-A.
You barely miss something. The dart slug launches a dart at you.
The slug dart hits your quasit but does no damage.
Your quasit claws something.
Something hits you but does no damage.
You miss something. You headbutt something.
Your quasit barely misses the dart slug.
Your quasit claws the dart slug.
Your quasit claws the dart slug but does no damage.
The dart slug barely misses your quasit.
You sock something!
Your quasit bites the dart slug.
Your quasit claws the dart slug.
Your quasit claws the dart slug but does no damage.
Something hits you.
Your quasit bites something.
Your quasit claws something.
The dart slug briefly extends its eye-stalks.
The dart slug misses your quasit.
You hit something.
Nothing appears to happen.
Your quasit bites the dart slug.
The dart slug dies!
Something hits you!
* * * LOW HITPOINT WARNING * * *
Your Maces & Flails skill increases to level 5!
You closely miss something.
You hear some strange, mumbled words.
A puff of flame appears from out of thin air!
The puff of flame hits you!
You die...

Skill      XL: |  1  2 |
---------------+-------+-----
Maces & Flails | 4 5 |  5.0
Fighting       | |  3.6
Armour         | |  2.4
Dodging        | |  1.1

Action                     || total
---------------------------++-------
  Melee: Mace              ||    33
         Headbutt          ||     3
    Use: Scroll            ||     6
         Potion            ||     1
 Armour: Leather armour    ||    19
  Dodge: Dodged            ||    16

Levels and vault maps discovered:
D:1:      dpeg_arrival_simpleton_b, layout_loops_cross, serial_shops, shop,
          grunt_decor_cap, nrook_loot_triangle
D:2:      layout_basic, uniq_robin, uniq_sigmund

Notes
Turn   | Place    | Note
-------+----------+-------------------------------------------
     0 | D:1      | demibob the Minotaur Chaos Knight began the quest for the
                  | Orb.
     0 | D:1      | Reached XP level 1. HP: 19/19 MP: 0/0
    52 | D:1      | Found Xemimp's Jewellery Emporium.
    85 | D:1      | Reached skill level 4 in Maces & Flails
    97 | D:1      | XOM: butterfly on damage
   101 | D:1      | Reached XP level 2. HP: 22/26 MP: 1/1
   102 | D:1      | XOM: divination: detect items
   132 | D:1      | XOM: silly message
   377 | D:1      | XOM: 1-stop teleportation journey
   573 | D:1      | XOM: cloud trail
   916 | D:2      | Noticed Sigmund
   918 | D:2      | XOM: summons 2 friendly demons
   931 | D:2      | Reached skill level 5 in Maces & Flails
   931 | D:2      | Killed from afar by Sigmund

Vanquished Creatures
  A worm (D:2)
  2 dart slugs (D:1)
  A giant cockroach (D:1)
  4 goblins (D:1)
  A hobgoblin (D:1)
  A kobold (D:1)
  2 bats (D:1)
  A frilled lizard (D:1)
  2 rats (D:1)
15 creatures vanquished.

Vanquished Creatures (collateral kills)
  A dart slug (D:2)
1 creature vanquished.

Grand Total: 16 creatures vanquished

Table legend: (Time is in decaauts)
 A = Elapsed time spent in this place.
 B = Non-inter-level travel time spent in this place.
 C = Inter-level travel time spent in this place.
 D = Time resting spent in this place.
 E = Time spent auto-exploring this place.
 F = Levels seen in this place.
 G = Mean time per level.
                   A        B        C        D        E       F      G
               +--------+--------+--------+--------+--------+-----+--------+
         Total |    936 |    910 |     26 |    190 |    614 |   2 |  468.0 |
       Dungeon |    936 |    910 |     26 |    190 |    614 |   2 |  468.0 |
               +--------+--------+--------+--------+--------+-----+--------+

Top non-repeatable levels by time:
     D:1: 914 daAuts
     D:2: 21 daAuts

Table legend:
 A = Non-vault XP
 B = Vault XP
 C = Vault XP percentage of total XP
 D = Non-vault monster count
 E = Vault monster count
 F = Vault count percentage of total count
                 A         B        C        D         E       F
            +---------+---------+-------+---------+---------+-------
      Total |      37 |       0 |   0.0 |      16 |       0 |   0.0
            +---------+---------+-------+---------+---------+-------
        D:1 |      28 |       0 |   0.0 |      14 |       0 |   0.0
        D:2 |       9 |       0 |   0.0 |       2 |       0 |   0.0
            +---------+---------+-------+---------+---------+-------
